 Dungeon Crawl Stone Soup version 0.31.0-9-g3a7656b989 (webtiles) character file.

Game seed: 12514635448655296069

116 ExZ the Trooper (level 4, -2/42 HPs)
             Began as a Minotaur Fighter on Feb 3, 2024.
             Killed by nerve-wracking pain
             ... invoked by an orc priest
              (12 damage)
             ... on level 2 of the Dungeon.
             The game lasted 00:01:43 (1250 turns).

ExZ the Trooper (Minotaur Fighter)                  Turns: 1250, Time: 00:01:43

Health: -2/42      AC: 10    Str: 22    XL:     4   Next: 69%
Magic:  3/3        EV:  8    Int:  5    God:
Gold:   60         SH:  4    Dex: 10    Spells: 3/3 levels left

rFire   . . .        a - +0 war axe
rCold   . . .        c - +0 buckler
rNeg    . . .        f - +0 chain mail
rPois   .            (helmet restricted)
rElec   .            (no cloak)
rCorr   .            (no gloves)
SInv    .            h - +0 pair of boots
Will    .....        (no amulet) Stlth
                     (no ring)
HPRegen 0.27/turn    (no ring)
MPRegen 0.08/turn

%: no passive effects
@: no status effects
A: horns 2, retaliatory headbutt
a: no special abilities


You were on level 2 of the Dungeon.
You visited 1 branch of the dungeon, and saw 2 of its levels.

You collected 60 gold pieces.

Inventory:

Hand Weapons
 a - a +0 war axe (weapon)
Armour
 c - a +0 buckler (worn)
 f - a +0 chain mail (worn)
 h - a +0 pair of boots (worn)
Scrolls
 b - a scroll of noise {unknown}
 e - 5 scrolls of teleportation {unknown}
 j - a scroll of identify {unknown}
Potions
 d - 3 potions of might
 g - a potion of heal wounds {unknown}
 i - a potion of mutation {unknown}


   Skills:
 * Level 5.4 Fighting
 - Level 2.4 Axes
 + Level 4.5 Armour
 + Level 4.5 Shields


You had 3 spell levels left.
You didn't know any spells.
Your spell library was empty.

Dungeon Overview and Level Annotations

Branches:
Dungeon (2/15)

Altars:


Innate Abilities, Weirdness & Mutations

You have a pair of horns on your head.
You reflexively headbutt those who attack you in melee.


Message History

Unknown command.
An orc comes into view. It is wielding a +0 flail.
The orc moves out of view.
An orc priest comes into view. It is wielding a +0 war axe.
An orc priest is nearby!
An orc priest is nearby!
An orc wizard and an orc come into view.
The orc shouts!
The orc priest shouts!
The orc wizard shouts!
The orc shouts!
The orc priest calls down the wrath of Beogh upon you.
You barely resist.
The orc wizard mumbles some strange words.
The orc wizard flickers and vanishes!
Deactivating autopickup; reactivate with Ctrl-A.
The orc shouts!
You hear an angry hiss.
You barely miss the orc. x2
An adder comes into view.
The orc hits you with a +0 dagger. x2; The orc hits you but does no damage.
The orc priest hits you with a +0 war axe.
The orc hits you but does no damage.
You hit the orc priest. Your headbutt misses the orc priest.
The orc priest is moderately wounded.
You hit the orc. You slash the orc!
You kill the orc!
You slash the orc!
You kill the orc!
The orc hits you with a +0 dagger. Something hits you but does no damage.
The orc priest invokes the aid of Beogh against you.
Beogh smites you! The orc barely misses you.
You hit the orc priest. Your headbutt misses the orc priest.
The orc priest is severely wounded.
You barely miss something. You hit the orc but do no damage.
You feel yourself speed up. Something hits you but does no damage.
The orc priest hits you with a +0 war axe!
* * * LOW HITPOINT WARNING * * *
The orc hits you but does no damage. You block the orc's attack.
Something hits you but does no damage.
The orc priest mumbles some strange prayers to Beogh against you.
Pain shoots through your body!
You die...

#.# #. #.# #. #.#
#. #.# ##########.
#.###..........
####............#.
#...†.......).....
##.######.######.#.
#o@)# #.# #.##
#.o)# #.# #.#
...S... #.# #.#
#.........#.# #(#
#.......#.... #.#
###.?.... ... ..#
#....##. . ###
####.# .#


You could see an orc priest, an adder and an orc.

Vanquished Creatures
  Natasha (thrice) (D:2)
  2 ribbon worms (D:2)
  2 orcs (D:2)
  2 bats
  3 endoplasms
  3 giant cockroaches
  3 goblins (D:1)
  3 hobgoblins (D:1)
  2 kobolds (D:1)
  A quokka (D:1)
  6 ball pythons
  3 frilled lizards (D:1)
  3 rats (D:1)
36 creatures vanquished.

Notes
Turn   | Place    | Note
-------+----------+-------------------------------------------
     0 | D:1      | ExZ the Minotaur Fighter began the quest for the Orb.
     0 | D:1      | Reached XP level 1. HP: 19/19 MP: 0/0
    49 | D:1      | Found a faded altar of an unknown god.
    99 | D:1      | Reached skill level 4 in Fighting
    99 | D:1      | Reached XP level 2. HP: 22/27 MP: 1/1
   885 | D:2      | Reached XP level 3. HP: 34/34 MP: 2/2
   888 | D:2      | Noticed Natasha
   894 | D:2      | Killed Natasha
  1092 | D:2      | Noticed Natasha
  1106 | D:2      | Killed Natasha
  1107 | D:2      | Reached skill level 5 in Fighting
  1107 | D:2      | Reached XP level 4. HP: 28/42 MP: 3/3
  1231 | D:2      | Noticed Natasha
  1237 | D:2      | Killed Natasha
  1250 | D:2      | Killed from afar by an orc priest

Illustrated notes

Levels and vault maps discovered:
D:1:      dpeg_arrival_simpleton_b, layout_basic,
          ebering_ecumenical_altar_petrified, st_stairs_12, chequers_mini_garden
D:2:      layout_loops_ring, uniq_natasha

Skill      XL: |  1  2  3 |
---------------+----------+-----
Fighting       | 4 5 |  5.4
Shields        | 4 |  4.5
Armour         | 4 |  4.5
Axes           | |  2.4

Action                     |  1- 3 |  4- 6 || total
---------------------------+-------+-------++-------
  Melee: War axe           |    86 |    14 ||   100
         Headbutt          |    14 |     4 ||    18
 Armour: Scale mail        |     9 |       ||     9
         Chain mail        |    65 |    18 ||    83
  Dodge: Dodged            |    27 |     4 ||    31
  Block: Buckler           |    26 |     4 ||    30
